 Seeded DCSS version 0.30-a0-1053-gbd8d5ba0ad (webtiles) character file.

Game seed: 1368843602248853242 (custom seed)

8762 bmack86 the Cleaver (level 11, -8/99 (102) HPs)
             Began as a Minotaur Fighter on Apr 11, 2023.
             Was a High Priest of Okawaru.
             Killed from afar by an orc sorcerer (14 damage)
             ... with a bolt of negative energy
             ... on level 10 of the Dungeon.
             The game lasted 00:18:47 (8522 turns).

bmack86 the Cleaver (Minotaur Fighter)              Turns: 8522, Time: 00:18:48

HP:   -8/99 (102)   AC: 20    Str: 25    XL:     11   Next: 14%
MP:   14/14         EV:  6    Int:  5    God:    Okawaru [*****.]
Gold: 794           SH: 11    Dex: 10    Spells: 10/10 levels left

rFire   . . .      SeeInvis +    a - +1 war axe
rCold   . . .      Faith    +    G - +1 kite shield
rNeg    . . .      Spirit   .    k - +0 plate armour
rPois   .          Reflect  .    (helmet restricted)
rElec   .          Rampage  .    (no cloak)
rCorr   .                        i - +2 pair of gloves
Will    .....                    o - +2 pair of boots Stlth
                                 b - amulet of faith
HPRegen 0.36/turn                w - ring of see invisible
MPRegen 0.14/turn                (no ring)

@: studying Fighting, lightly drained
A: horns 2, retaliatory headbutt
a: Renounce Religion, Heroism, Finesse, Duel


You were on level 10 of the Dungeon.
You worshipped Okawaru.
Okawaru was extremely pleased with you.
You visited 2 branches of the dungeon, and saw 11 of its levels.

You collected 848 gold pieces.
You spent 54 gold pieces at shops.

Inventory:

Hand Weapons
 a - a +1 war axe (weapon)
 E - a +2 hand axe of flaming
Missiles
 g - 3 silver javelins
 q - 11 boomerangs (quivered)
 x - 6 javelins
 C - 31 poisoned darts
 H - a curare-tipped dart
Armour
 c - a +0 buckler
 i - a +2 pair of gloves (worn)
 k - a +0 plate armour (worn)
 o - a +2 pair of boots (worn)
 G - a +1 kite shield (worn)
Jewellery
 b - an amulet of faith (around neck)
 t - an amulet of the acrobat
 w - a ring of see invisible (left hand)
Wands
 A - a wand of acid (8)
 D - a wand of iceblast (7)
Scrolls
 e - 3 scrolls of blinking
 l - 2 scrolls of enchant weapon
 m - 5 scrolls of teleportation
 B - a scroll of fear
 F - a scroll of brand weapon {unknown}
Potions
 d - 2 potions of might
 f - 9 potions of curing
 h - 3 potions of mutation
 j - 4 potions of attraction
 n - 2 potions of lignification
 p - 2 potions of heal wounds
 r - 2 potions of resistance
 s - 3 potions of berserk rage {unknown}
 u - a potion of flight {unknown}
 v - 7 potions of brilliance
 z - 3 potions of haste {unknown}


   Skills:
 + Level 11.1 Fighting
 * Level 11.6 Axes
 + Level 6.4 Throwing
 + Level 8.8 Armour
 + Level 8.9 Shields
 + Level 5.6 Invocations


You had 10 spell levels left.
You didn't know any spells.
Your spell library contained the following spells:

 Spells                   Type           Power      Damage    Failure   Level
 Magic Dart               Conj           0%         1d3       100%        1
 Ensorcelled Hibernation  Hex/Ice        0%         N/A       100%        2
 Passwall                 Tmut/Erth      0%         N/A       100%        2
 Mephitic Cloud           Conj/Pois/Air  0%         N/A       100%        3
 Swiftness                Air            0%         N/A       100%        3
 Volatile Blastmotes      Fire/Tloc      0%         2d10      100%        3
 Fulminant Prism          Conj/Hex       0%         3d5       100%        4
 Iskenderun's Mystic Bla  Conj/Tloc      0%         2d3       100%        4
 Lee's Rapid Deconstruct  Erth           0%         3d4*      100%        5
 Call Imp                 Summ           Unusable   N/A       N/A         2

Dungeon Overview and Level Annotations

Branches:
Dungeon (10/15)            Temple (1/1) D:7            Lair (0/5) D:9
    Orc: D:9-12

Altars:
Ashenzari
Cheibriados
Dithmenos
Elyvilon
Fedhas
Gozag
Hepliaklqana
Kikubaaqudgha
Makhleb
Nemelex Xobeh
Okawaru
Qazlal
Ru
Sif Muna
Trog
Uskayaw
Vehumet
Wu Jian
Xom
Zin
The Shining One

Shops:
D:1 ([*(   D:5 *

Annotations:
D:9 2 transporters, TheSexyCheese's ghost, journeyman OgFE


Innate Abilities, Weirdness & Mutations

You have a pair of horns on your head.
You reflexively headbutt those who attack you in melee.


Message History

You block the hellwing's attack.
You slash the ice devil!
The ice devil is almost dead.
You closely miss the hellwing. You closely miss the orc sorcerer.
You slash the chaos spawn! The ice devil hits you! The ice devil freezes you!
* * * LOW HITPOINT WARNING * * *
The orc sorcerer hits you with a +0 dagger.
* * * LOW HITPOINT WARNING * * *
You block the chaos spawn's attack. The hellwing hits you.
* * * LOW HITPOINT WARNING * * *
You block the hellwing's attack.
Unknown command.
You hit the ice devil but do no damage.
The ice devil is almost dead.
You hit the hellwing.
You hit the orc sorcerer but do no damage.
You hit the chaos spawn but do no damage.
The ice devil hits you but does no damage.
The orc sorcerer casts a spell at you. The bolt of fire hits you.
* * * LOW HITPOINT WARNING * * *
The chaos spawn hits you but does no damage.
The hellwing hits you but does no damage. x2
You hit the chaos spawn but do no damage.
You headbutt the chaos spawn, but do no damage.
The chaos spawn is lightly wounded.
You barely miss the orc sorcerer. You closely miss the ice devil.
You hit the hellwing.
The ice devil hits you but does no damage.
You block the orc sorcerer's attack. You block the hellwing's attack. x2
The chaos spawn gores you but does no damage.
The ice devil barely misses you. You furiously retaliate!
You headbutt the ice devil!
You hit the orc sorcerer but do no damage.
The orc sorcerer is heavily wounded.
You hit the hellwing. You slash the chaos spawn!
You closely miss the ice devil. The orc sorcerer casts a spell at you.
The bolt of negative energy hits you!
You feel drained.
You die...

.## ####.## *****,******** .###
#.....# *,,,,,,,,,*
...####.##..###### *,***,***,****
+#.##...##.......###.#...***,,*,,
.........................,,,,,,,,
.#####+#########)########*+*****,
.*,,***,,***##.......#,,,,,,,,,*,
,*,*,,*,*,,##..o44.#.#,*****,*,*,
,***,*,**,*#...4@###,*,,,,,,,*,*,
,*,,**,,***#.###.#,,,*,*,***,*,*,
,+,**,***,,+.,,##),,,+,*,,,*,*,+,
.#*,*,,**,*#,,,,,#.,,*,*,*,*,*,*,
.#*,,**,,****,,,,*#.,*,*,*,,,,,*,
.#,**,*,*,****,,,,*..*,*,*,***,*,
.#,,*,,**,,* **,,,,,##,*,,,,,,,*,
.#****+*********+*********+*****,
.# *,,,,,**,,,*,*,,,**,*,*,*,**,


You could see a hellwing (summoned), an ice devil (summoned), a chaos spawn
(summoned) and an orc sorcerer.

Vanquished Creatures
  A boulder beetle (D:9)
  3 death yaks (D:9)
  A cyclops (D:9)
  2 orc sorcerers (D:10)
  A gargoyle (D:10)
  3 kobold demonologists (D:9)
  A hornet (D:8)
  A shadow (D:9)
  A wraith (D:10)
  2 steam dragons
  2 water moccasins (D:5)
  Duvessa (D:4)
  2 orc warriors
  A sky beast (D:6)
  3 black bears
  An ogre (D:5)
  3 centaurs
  A phantom (D:4)
  5 kobold brigands
  3 bullfrogs
  A gnoll sergeant (D:9)
  2 scorpions
  5 wights
  Dowan (D:4)
  An electric eel (D:8)
  A vampire bat (D:5)
  3 howler monkeys (D:8)
  A jelly (D:7)
  3 hounds
  5 orc priests
  A sleepcap (D:6)
  Ijyb (D:3)
  5 iguanas
  6 orc wizards
  A hell rat (D:9)
  Robin (D:2)
  3 gnolls (D:9)
  7 adders
  3 river rats (D:9)
  A white imp (D:7)
  An ufetubus (D:5)
  A dart slug (D:3)
  3 fire bats (D:5)
  34 orcs
  2 spectral bats (D:5)
  5 ball pythons
  3 bat skeletons (D:5)
  A bat zombie (D:5)
  8 endoplasms
  5 giant cockroaches
  14 hobgoblins
  4 jackals (D:1)
  5 quokkas
  11 bats
  A bat simulacrum (D:5)
  2 frilled lizards
  11 goblins
  20 kobolds
  12 rats
233 creatures vanquished.

Vanquished Creatures (others)
  A sky beast (D:7)
  7 plants (D:6)
8 creatures vanquished.

Grand Total: 241 creatures vanquished

Notes
Turn   | Place    | Note
-------+----------+-------------------------------------------
     0 | D:1      | bmack86 the Minotaur Fighter began the quest for the Orb.
     0 | D:1      | Reached XP level 1. HP: 19/19 MP: 0/0
   122 | D:1      | Found Juqede Ilukk's Weapon Shop.
   131 | D:1      | Found Atwuify's Armour Shop.
   212 | D:1      | Reached XP level 2. HP: 27/27 MP: 1/1
   215 | D:1      | Found Qykierao's Assorted Antiques.
   350 | D:1      | Found Qiessoot's Weapon Emporium.
   673 | D:1      | Bought a scroll labelled OLAOCOFF DU IPNI for 27 gold
                  | pieces
   673 | D:1      | Bought a scroll labelled DAOFUM SAETHA for 27 gold pieces
   680 | D:2      | Noticed Robin
   687 | D:2      | Reached XP level 3. HP: 26/33 MP: 2/2
   690 | D:2      | Killed Robin
   989 | D:2      | Reached XP level 4. HP: 40/40 MP: 3/3
  1269 | D:3      | Noticed Ijyb
  1282 | D:3      | Killed Ijyb
  1352 | D:3      | Reached skill level 1 in Throwing
  1352 | D:3      | Reached XP level 5. HP: 41/47 MP: 4/4
  1521 | D:3      | Found a burning altar of Makhleb.
  1533 | D:3      | You fall into a shaft and drop 3 floors!
  1621 | D:6      | Found a hazy altar of Hepliaklqana.
  1668 | D:6      | Noticed an orc warrior
  1678 | D:6      | Killed an orc warrior
  1679 | D:6      | Reached skill level 5 in Axes
  1679 | D:6      | Reached XP level 6. HP: 32/55 MP: 5/5
  1853 | D:6      | Reached skill level 5 in Fighting
  1853 | D:6      | Reached skill level 5 in Armour
  1881 | D:6      | Reached skill level 5 in Shields
  1936 | D:6      | Noticed a sky beast
  1946 | D:6      | Killed a sky beast
  1947 | D:6      | Reached XP level 7. HP: 61/61 MP: 6/6
  2035 | D:6      | Found an opulent altar of Gozag.
  2417 | D:7      | Found a staircase to the Ecumenical Temple.
  2439 | Temple   | Entered the Ecumenical Temple
  2488 | Temple   | Became a worshipper of Warmaster Okawaru
  2527 | D:5      | Entered Level 5 of the Dungeon
  2732 | D:5      | Reached skill level 1 in Invocations
  2963 | D:5      | Found a stormy altar of Qazlal.
  3002 | D:5      | Identified a scroll of acquirement
  3002 | D:5      | Acquired a manual of Fighting
  3218 | D:5      | Reached * piety under Okawaru
  3219 | D:5      | Reached XP level 8. HP: 65/70 MP: 7/7
  3257 | D:5      | Found Vihih's Elemental Accessories.
  3398 | D:5      | Found a shadowy altar of Dithmenos.
  3925 | D:4      | Noticed Duvessa
  3925 | D:4      | Noticed Dowan
  3940 | D:4      | Killed Duvessa
  3954 | D:4      | Killed Dowan
  4056 | D:4      | Found a white marble altar of Elyvilon.
  4065 | D:4      | Reached ** piety under Okawaru
  4457 | D:4      | Found a shimmering blue altar of Sif Muna.
  5021 | D:7      | Reached XP level 9. HP: 79/79 MP: 10/10
  5193 | D:7      | Found an ornate altar of the Wu Jian Council.
  5252 | D:7      | Found a bloodstained altar of Trog.
  5419 | D:7      | Found a radiant altar of Vehumet.
  5875 | D:8      | Reached *** piety under Okawaru
  5982 | D:8      | Found a hide-covered altar of Uskayaw.
  7006 | D:9      | Noticed a kobold demonologist
  7006 | D:9      | Noticed a kobold demonologist
  7014 | D:9      | Killed a kobold demonologist
  7014 | D:9      | Noticed a kobold demonologist
  7015 | D:9      | Reached skill level 5 in Throwing
  7029 | D:9      | Noticed a rust devil
  7030 | D:9      | Noticed a rust devil
  7030 | D:9      | Killed a kobold demonologist
  7038 | D:9      | Killed a kobold demonologist
  7039 | D:9      | Reached XP level 10. HP: 37/91 MP: 12/12
  7226 | D:9      | Noticed a boulder beetle
  7229 | D:9      | Noticed a cyclops
  7233 | D:9      | Reached **** piety under Okawaru
  7241 | D:9      | Killed a cyclops
  7242 | D:9      | Reached skill level 10 in Axes
  7264 | D:9      | Killed a boulder beetle
  7264 | D:9      | Received a gift from Okawaru
  7565 | D:9      | Noticed a two-headed ogre
  7568 | D:9      | Found a transporter.
  7568 | D:9      | Found a transporter.
  7570 | D:9      | Identified the +4 giant club "Boici" {heavy, +Blink rPois
                  | Str-2 Dex+6}
  7570 | D:9      | Identified the +1 great mace of Discomfort {flame, rC++}
  7570 | D:9      | Noticed a two-headed ogre
  7571 | D:9      | Noticed TheSexyCheese's ghost (journeyman OgFE)
  7572 | D:9      | Noticed a two-headed ogre
  7639 | D:9      | Reached skill level 10 in Fighting
  7753 | D:9      | Noticed a death yak
  7756 | D:9      | Found a staircase to the Lair.
  7756 | D:9      | Noticed a death yak
  7756 | D:9      | Noticed a death yak
  7770 | D:9      | Killed a death yak
  7771 | D:9      | Reached skill level 5 in Invocations
  7781 | D:9      | Killed a death yak
  7792 | D:9      | Killed a death yak
  7792 | D:9      | Reached ***** piety under Okawaru
  8110 | D:9      | Found a shimmering altar of Xom.
  8285 | D:10     | Entered Level 10 of the Dungeon
  8285 | D:10     | Noticed a gargoyle
  8289 | D:10     | Killed a gargoyle
  8289 | D:10     | Received a gift from Okawaru
  8290 | D:10     | Reached XP level 11. HP: 101/101 MP: 11/14
  8499 | D:10     | Noticed an orc sorcerer
  8501 | D:10     | Noticed an orc sorcerer
  8502 | D:10     | Killed an orc sorcerer
  8505 | D:10     | Noticed an orc sorcerer
  8505 | D:10     | Paralysed by an orc sorcerer for 5 turns
  8514 | D:10     | Killed an orc sorcerer
  8522 | D:10     | Killed from afar by an orc sorcerer

Illustrated notes

Levels and vault maps discovered:
D:1:      minmay_arrival_radiant_lines, layout_basic, serial_shops, shop, shop,
          shop_fountains, nicolae_shop_behind_doors, minmay_misc_feat_five
D:2:      layout_basic, uniq_robin
D:3:      layout_rooms, lemuel_crystal_altar, minmay_pentomino_pile, uniq_ijyb
D:4:      layout_basic, mainiacjoe_overflow_brackets,
          mainiacjoe_overflow_alcove_4, uniq_duvessa
D:5:      layout_basic, mainiacjoe_overflow_chevrons, grunt_dithmenos_smoke,
          nicolae_elemental_shop, kennysheep_path_1, goddamned_bats
D:6:      layout_loops_cross, nicolae_gozag_seed_capital,
          nicolae_hepliaklqana_hazy_memory, minivault_19
D:7:      layout_basic, lemuel_round_altar, lemuel_tele_altar,
          lemuel_doored_altar, minmay_temple_entry_arrows
D:8:      layout_layer_cave, nicolae_uskayaw_suspiria, nicolae_water_bricks
D:9:      layout_irregular_city, tgw_xom, dpeg_lair_monsters,
          gammafunk_ghost_smash, minmay_checkerbox
D:10:     minmay_the_grid_3x3 [minmay_the_grid_empty, minmay_the_grid_mess,
          minmay_the_grid_slots, minmay_the_grid_minigrid_small_alt,
          minmay_the_grid_eight, minmay_the_grid_holed_spiral,
          minmay_the_grid_tri_star, minmay_the_grid_all_tris,
          minmay_the_grid_prize_four_corners], layout_loops_corners,
          yredelemnul_forgotten_temple_becter, chequers_serial_rivers_small_a
Temple:   chequers_temple_sunken

Skill      XL: |  1  2  3  4  5  6  7  8  9 10 11 |
---------------+----------------------------------+-----
Axes           | 3 4 5 6 8 9 11 | 11.6
Armour         | 4 5 6 7 8 |  8.8
Fighting       | 4 5 7 9 10 11 | 11.1
Shields        | 4 5 6 7 8 |  8.9
Throwing       | 1 2 3 4 5 6 |  6.4
Invocations    | 1 2 4 5 |  5.6

Action                     |  1- 3 |  4- 6 |  7- 9 | 10-12 || total
---------------------------+-------+-------+-------+-------++-------
  Melee: War axe           |    60 |    96 |   255 |   119 ||   530
         Headbutt          |     6 |    15 |    55 |    38 ||   114
  Throw: Boomerang         |       |     3 |    24 |     1 ||    28
 Invoke: Heroism           |       |       |     1 |     5 ||     6
         Finesse           |       |       |       |     1 ||     1
    Use: Scroll            |     1 |     7 |    10 |     6 ||    24
         Potion            |       |     1 |       |       ||     1
 Armour: Scale mail        |    41 |       |       |       ||    41
         Chain mail        |     2 |    37 |       |       ||    39
         Plate armour      |       |    22 |   235 |    95 ||   352
  Dodge: Dodged            |    51 |    17 |   116 |    41 ||   225
  Block: Buckler           |    17 |    18 |    77 |    16 ||   128
         Kite shield       |       |       |       |    67 ||    67

Table legend: (Time is in decaauts)
 A = Elapsed time spent in this place.
 B = Non-inter-level travel time spent in this place.
 C = Inter-level travel time spent in this place.
 D = Time resting spent in this place.
 E = Time spent auto-exploring this place.
 F = Levels seen in this place.
 G = Mean time per level.
                   A        B        C        D        E       F      G
               +--------+--------+--------+--------+--------+-----+--------+
         Total |   8619 |   8379 |    240 |    640 |   5407 |  11 |  783.5 |
       Dungeon |   8540 |   8300 |    240 |    640 |   5407 |  10 |  854.0 |
        Temple |     78 |     78 |      0 |      0 |      0 |   1 |   78.0 |
               +--------+--------+--------+--------+--------+-----+--------+

Top non-repeatable levels by time:
     D:8: 1413 daAuts
     D:9: 1270 daAuts
     D:5: 1224 daAuts
     D:6: 1111 daAuts
     D:4: 782 daAuts
     D:7: 755 daAuts
     D:1: 690 daAuts
     D:2: 541 daAuts
     D:3: 512 daAuts
    D:10: 236 daAuts
  Temple: 78 daAuts
